 Dungeon Crawl Stone Soup version 0.30.0-19-g36f170ea60 (webtiles) character file.

Game seed: 13734990091931012237

4942 unvoicedpapa the Severer (level 10, -6/92 HPs)
             Began as a Minotaur Fighter on May 28, 2023.
             Was an Initiate of Ashenzari.
             Mangled by a deep elf knight
             ... wielding a +0 long sword
             ... created by the fury of Okawaru
              (15 damage)
             ... on level 6 of the Dungeon.
             The game lasted 00:35:16 (4413 turns).

unvoicedpapa the Severer (Minotaur Fighter)         Turns: 4413, Time: 00:35:17

Health: -6/92      AC: 10    Str: 32    XL:     10   Next: 28%
Magic:  9/9        EV: 10    Int:  5    God:    Ashenzari [......]
Gold:   405        SH: 10    Dex:  9    Spells: 8/9 levels left

rFire   . . .        j - +2 hand axe (freeze)
rCold   . . .        c - +0 buckler
rNeg    . . .        b - +1 scale mail
rPois   .            (helmet restricted)
rElec   .            (no cloak)
rCorr   .            l - +0 pair of gloves
SInv    .            (no boots)
Will    .....        n - amulet of reflection Stlth
                     a - +6 ring of strength
HPRegen 0.35/turn    h - ring of flight
MPRegen 0.11/turn

%: reflection
@: lethally poisoned (-6 -> -12), flying, studying Ranged Weapons
A: horns 2, retaliatory headbutt, robust 1, subdued magic 1
a: Renounce Religion


You were on level 6 of the Dungeon.
You worshipped Ashenzari.
Ashenzari was noncommittal.
You visited 1 branch of the dungeon, and saw 6 of its levels.
You also visited: Ossuary.

You collected 405 gold pieces.

Inventory:

Hand Weapons
 j - a +2 hand axe of freezing (weapon)
Armour
 b - a +1 scale mail (worn)
 c - a +0 buckler (worn)
 l - a +0 pair of gloves (worn)
Jewellery
 a - a +6 ring of strength (left hand)
 h - a ring of flight (right hand)
 n - an amulet of reflection (around neck)
Wands
 m - a wand of flame (15)
 p - a wand of digging (8)
Scrolls
 e - a scroll of amnesia
 f - 4 scrolls of identify
 i - a scroll of silence
 t - 2 scrolls of enchant armour
 u - a scroll of teleportation
 v - a scroll of noise {unknown}
 w - a scroll of magic mapping
Potions
 d - 3 potions of might
 g - a potion of mutation
 k - 2 potions of resistance
 o - a potion of degeneration {unknown}
 q - a potion of heal wounds
 r - a potion of flight
 s - a potion of invisibility


   Skills:
 + Level 6.6 Fighting
 * Level 17.0 Axes
 + Level 7.4 Armour
 + Level 2.5 Dodging
 + Level 0.6 Stealth
 + Level 5.8 Shields


You had 8 spell levels left.
You knew the following spells:

 Your Spells              Type           Power      Damage    Failure   Level
a - Foxfire               Conj/Fire      0%         2x1d4     71%         1

Your spell library contained the following spells:

 Spells                   Type           Power      Damage    Failure   Level
 Necrotise                Necr           0%         1d4       71%         1
 Vampiric Draining        Necr           0%         2d6       97%         3
 Agony                    Necr           0%         N/A       100%        5
 Fireball                 Conj/Fire      0%         3d3       100%        5
 Plasma Beam              Fire/Air       0%         2x1d11    100%        6
 Starburst                Conj/Fire      0%         6d3       100%        6


Dungeon Overview and Level Annotations

Branches:
Dungeon (6/15)            Ossuary (visited)
 Temple: D:4-7

Altars:
Ashenzari
Nemelex Xobeh
Okawaru
Ru
Yredelemnul

Annotations:
D:4 3 runed translucent doors, superbruh's ghost, amateur KoMo


Innate Abilities, Weirdness & Mutations

You have a pair of horns on your head.
You reflexively headbutt those who attack you in melee.
You are robust. (+10% HP)
Your spells are a little easier to cast, but a little less powerful.


Message History

The naga sharpshooter unwields a +0 war axe.
The naga sharpshooter wields a +0 longbow.
The naga sharpshooter gestures wildly while chanting.
The naga sharpshooter magically shoots an arrow.
The arrow hits you! The deep elf knight blocks your attack.
The deep elf knight barely misses you. You furiously retaliate!
You headbutt the deep elf knight! You block the naga warrior's attack.
You hit the deep elf knight. You freeze the deep elf knight.
The deep elf knight is moderately wounded.
The deep elf knight gestures wildly while chanting.
The deep elf knight flickers and vanishes!
Deactivating autopickup; reactivate with Ctrl-A.
You completely miss something. Your headbutt misses something.
The naga warrior hits you from afar with a +0 glaive!
You hit something. You freeze something. Something hits you.
You miss something. Your headbutt misses something.
The naga warrior roars a battlecry!
The naga ritualist goes into a battle-frenzy!
You slash something! You freeze something.
You hear some strange, mumbled words.
A shard of ice appears from out of thin air!
The shard of ice hits you!! The naga warrior barely misses you.
You slash something! You freeze something. Something blocks your attack.
The naga ritualist utters an invocation to Okawaru.
The naga ritualist begins to radiate toxic energy.
You are poisoned.
Something hits you!
You feel sick.
You are more poisoned.
There are monsters nearby!
There are monsters nearby!
There are monsters nearby!
Something hits you!
* * * LOW HITPOINT WARNING * * *
You feel sick.
* * * LOW HITPOINT WARNING * * *
You are more poisoned.
Something hits you!
You die...

....####.[.##..##############
#.#...##...##..#..#...#..#..##
.⌠#.....................#....#
..#...............>.....#....#
.#####..................'....#
.#...#..................#....#
.'...'.........(........#....#
.#......##'##.##.####..###.######
.#.###..##.##.##@####..###.###...
..#............#...#.............
.⌠#............#...CNN...........
##).#....>.....'...#N..(.........
....#..........#...#............<
....##..###.<###.############.##.
.#..##..###..################.##?
....#........#........'...._...†.
....'........#........#..........


You could see a stone giant, a naga warrior, a naga sharpshooter (strong) and a
naga ritualist (strong, toxic aura).

Vanquished Creatures
  Pikel (D:6)
  Grinder (D:5)
  A yak (D:5)
  A steam dragon (D:6)
  Menkaure (D:6)
  An ice beast (D:6)
  A black bear (D:6)
  A centaur (D:5)
  3 ogres
  A phantom (D:4)
  7 elf zombies (Ossuary)
  A bullfrog (D:6)
  2 scorpions
  A wight (D:5)
  4 centaur zombies (Ossuary)
  2 hounds
  2 jellies (D:5)
  A gnoll bouda (D:6)
  An orc priest (D:3)
  Crazy Yiuf (D:5)
  A human zombie (Ossuary)
  2 iguanas
  Terence (D:3)
  4 orc wizards (D:4)
  3 mummies (Ossuary)
  Robin (D:3)
  6 gnolls
  10 adders
  A worm (D:2)
  A dart slug (D:3)
  11 orcs
  11 ball pythons
  4 endoplasms
  6 giant cockroaches
  17 goblins
  12 hobgoblins
  2 jackals (D:3)
  12 kobolds
  3 quokkas
  4 bats
  2 frilled lizards (D:3)
  6 rats
154 creatures vanquished.

Notes
Turn   | Place    | Note
-------+----------+-------------------------------------------
     0 | D:1      | unvoicedpapa the Minotaur Fighter began the quest for the
                  | Orb.
     0 | D:1      | Reached XP level 1. HP: 19/19 MP: 0/0
   145 | D:1      | Reached XP level 2. HP: 13/27 MP: 1/1
   699 | D:1      | Reached XP level 3. HP: 33/33 MP: 2/2
   795 | D:1      | You fall into a shaft and drop 1 floor!
   996 | D:2      | Gained mutation: You are robust. (+10% HP) [potion of
                  | mutation]
   996 | D:2      | Gained mutation: Your spells are a little easier to cast,
                  | but a little less powerful. [potion of mutation]
  1025 | D:2      | Reached skill level 3 in Axes
  1060 | D:2      | Found the +0 mask of the Dragon {Will+ Slay+3 SInv}
  1415 | D:3      | Reached XP level 4. HP: 45/45 MP: 3/3
  1523 | D:3      | Learned a level 1 spell: Foxfire
  1624 | D:3      | Reached skill level 4 in Axes
  1628 | D:3      | Noticed Robin
  1642 | D:3      | Killed Robin
  1745 | D:3      | Reached skill level 5 in Axes
  1745 | D:3      | Reached XP level 5. HP: 33/51 MP: 4/4
  1759 | D:3      | Noticed Terence
  1764 | D:3      | Killed Terence
  2171 | D:4      | Noticed a phantom
  2188 | D:4      | Reached skill level 6 in Axes
  2188 | D:4      | Reached XP level 6. HP: 32/58 MP: 5/5
  2266 | D:4      | Reached skill level 1 in Dodging
  2268 | D:4      | Reached skill level 7 in Axes
  2397 | D:4      | Found a runed translucent gate.
  2397 | D:4      | Found a runed translucent gate.
  2398 | D:4      | Found a runed translucent gate.
  2402 | D:4      | Noticed superbruh's ghost (amateur KoMo)
  2693 | D:4      | Found a sparkling altar of Nemelex Xobeh.
  2789 | D:5      | Entered Level 5 of the Dungeon
  2795 | D:5      | Noticed Grinder
  2812 | D:5      | Killed Grinder
  2813 | D:5      | Reached skill level 8 in Axes
  2813 | D:5      | Reached skill level 5 in Armour
  2813 | D:5      | Reached XP level 7. HP: 55/66 MP: 6/6
  2841 | D:5      | Reached skill level 5 in Fighting
  2888 | D:5      | Noticed a yak
  2894 | D:5      | Killed a yak
  2899 | D:5      | Reached XP level 8. HP: 63/74 MP: 7/7
  2917 | D:5      | Reached skill level 9 in Axes
  2946 | D:5      | HP: 2/72 [wight/+2 trident (7)]
  3257 | D:5      | Found an iron altar of Okawaru.
  3265 | D:5      | Became a worshipper of Warmaster Okawaru
  3323 | D:5      | Found a runed translucent door.
  3324 | D:5      | Noticed Crazy Yiuf
  3332 | D:5      | Killed Crazy Yiuf
  3531 | D:5      | Found a basalt altar of Yredelemnul.
  3651 | D:6      | Found a sacrificial altar of Ru.
  3660 | D:6      | Noticed Menkaure
  3667 | D:6      | Killed Menkaure
  3689 | D:6      | Reached * piety under Okawaru
  3690 | D:6      | Reached skill level 10 in Axes
  3839 | D:6      | Reached skill level 5 in Shields
  3845 | D:6      | Found a broken altar of Ashenzari.
  3882 | D:6      | Fell from the grace of Okawaru
  3882 | D:6      | Became a worshipper of Ashenzari the Shackled
  3902 | D:6      | Found a sand-covered staircase.
  3910 | Ossuary  | Entered an ossuary
  3948 | Ossuary  | Reached skill level 16 in Axes
  3948 | Ossuary  | Reached XP level 9. HP: 82/82 MP: 8/8
  4038 | Ossuary  | Reached XP level 10. HP: 88/91 MP: 9/9
  4200 | D:6      | Noticed Pikel
  4207 | D:6      | Killed Pikel
  4208 | D:6      | Reached skill level 17 in Axes
  4399 | D:6      | Noticed a deep elf knight
  4399 | D:6      | Noticed a stone giant
  4399 | D:6      | Noticed a naga warrior
  4399 | D:6      | Noticed a naga sharpshooter
  4399 | D:6      | Noticed a naga ritualist
  4413 | D:6      | Mangled by a deep elf knight

Illustrated notes

Levels and vault maps discovered:
D:1:      shiori_arrival_elements, layout_basic, minivault_5,
          minmay_pentomino_t2
D:2:      layout_rooms, serial_rivers, chequers_serial_rivers_micro_a,
          chequers_serial_rivers_small_a, chequers_serial_rivers_small_a,
          chequers_serial_rivers_small_3, chequers_serial_rivers_small_a,
          chequers_serial_rivers_large_a, minmay_close_crescents
D:3:      layout_loops_cross, guppyfry_early_orc_mine, uniq_terence, uniq_robin
D:4:      layout_rooms, nemelex_spade_bored_becter, gammafunk_ghost_necromancy
D:5:      layout_basic, mainiacjoe_overflow_catwalk,
          mainiacjoe_overflow_small_starburst, minmay_manual_monolith,
          uniq_crazy_yiuf_cottage, uniq_grinder
D:6:      layout_gridville, overflow_temple_1_default, evilmike_ruin_ashenzari,
          lightli_ossuary_entry_decrepit_ruins, uniq_pikel, uniq_menkaure

Skill      XL: |  1  2  3  4  5  6  7  8  9 10 |
---------------+-------------------------------+-----
Armour         | 4 5 7 |  7.4
Fighting       | 4 5 6 |  6.6
Shields        | 4 5 |  5.8
Axes           | 3 5 6 8 16 17 | 17.0
Dodging        | 1 2 |  2.5
Stealth        | |  0.6

Action                     |  1- 3 |  4- 6 |  7- 9 | 10-12 || total
---------------------------+-------+-------+-------+-------++-------
  Melee: War axe           |    59 |       |       |       ||    59
         Headbutt          |     4 |    12 |    23 |    12 ||    51
         Hand axe          |    18 |   118 |   111 |    64 ||   311
  Evoke: Wand              |       |     1 |       |       ||     1
    Use: Scroll            |     8 |     2 |     2 |       ||    12
         Potion            |     4 |     1 |     5 |       ||    10
 Armour: Scale mail        |    32 |    60 |    29 |    13 ||   134
  Dodge: Dodged            |    41 |    55 |    32 |    28 ||   156
  Block: Buckler           |     8 |    25 |    46 |    19 ||    98
         Reflection        |       |     1 |       |       ||     1
